 Dungeon Crawl Stone Soup version 0.30-a0-845-g7c6808c8ce (webtiles) character file.

Game seed: 172450952729339903

128 Esekla the Sneak (level 5, 0/36 HPs)
             Began as an Octopode Delver on Mar 3, 2023.
             Slain by Edmund
             ... wielding a +1 flail of holy wrath
              (7 damage)
             ... on level 4 of the Dungeon.
             The game lasted 00:06:42 (868 turns).

Esekla the Sneak (Octopode Delver)                   Turns: 868, Time: 00:06:43

Health: 0/36       AC:  1    Str: 12    XL:     5   Next: 12%
Magic:  6/6        EV: 18    Int: 14    God:
Gold:   53         SH:  0    Dex: 13    Spells: 3/6 levels left

rFire   . . .      SeeInvis .    a - +0 falchion
rCold   . . .      Faith    .    (no shield)
rNeg    . . .      Spirit   .    (helmet restricted)
rPois   .          Reflect  .    (no amulet)
rElec   .          Rampage  .    h - +5 ring of evasion
rCorr   .                        (no ring)
Will    .....                    (no ring)
Stlth   +++++                    (no ring)
HPRegen 0.26/turn                (no ring)
MPRegen 0.10/turn                (no ring)
                                 (no ring)
                                 (no ring)

@: no status effects
A: almost no armour, amphibious, 8 rings, camouflage 1, gelatinous body 1,
(nimble swimmer 1), tentacles
a: no special abilities


You were on level 4 of the Dungeon.
You visited 2 branches of the dungeon, and saw 3 of its levels.

You collected 53 gold pieces.

Inventory:

Hand Weapons
 a - a +0 falchion (weapon)
Jewellery
 h - a +5 ring of evasion (left tentacle)
Wands
 c - a wand of iceblast (15)
 f - a wand of digging (3)
Scrolls
 b - a scroll of fog
 d - 2 scrolls of fear
 g - a scroll of amnesia {unknown}
 i - a scroll of enchant weapon {unknown}
 l - a scroll of silence {unknown}
 m - a scroll of identify {unknown}
 n - a scroll of butterflies {unknown}
Potions
 e - a potion of haste
 j - a potion of brilliance {unknown}
 k - a potion of heal wounds {unknown}


   Skills:
 * Level 3.5 Fighting
 * Level 2.8 Long Blades
 * Level 2.4 Dodging
 + Level 7.6 Stealth
 * Level 1.1 Spellcasting
 * Level 1.1 Ice Magic


You had 3 spell levels left.
You knew the following spells:

 Your Spells              Type           Power      Damage    Failure   Level
a - Ozocubu's Armour      Ice            3%         N/A       45%         3

Your spell library contained the following spells:

 Spells                   Type           Power      Damage    Failure   Level
 Metabolic Englaciation   Hex/Ice        1%         N/A       99%         5
 Simulacrum               Ice/Necr       1%         N/A       100%        6


Dungeon Overview and Level Annotations

Branches:
Dungeon (5/15)             Temple (1/1) D:4

Altars:
Cheibriados
Fedhas
Hepliaklqana
Kikubaaqudgha
Okawaru
Qazlal
Ru
Sif Muna
Trog
Uskayaw
Xom
The Shining One
Lugonu

Shops:
D:5 ?

Portals:
Sewer: D:4

Annotations:
D:4 Edmund, Grinder


Innate Abilities, Weirdness & Mutations

You cannot wear most types of armour.
You are amphibious.
You can wear up to eight rings at the same time.
Your skin changes colour to match your surroundings (Stealth+).
Your rubbery body absorbs attacks. (AC +1, EV +1)
((You are camouflaged when in or above water. (Stealth+)))
You have tentacles for arms and can constrict up to eight enemies at once.


Message History

The worm barely misses you.
You enter the shallow water.
You hear the rapid rusting of a drain.
The helpless giant cockroach fails to defend itself.
You hit the giant cockroach. Your grab misses the giant cockroach.
The giant cockroach is severely wounded.
The giant cockroach closely misses you.
The giant cockroach splashes around in the water.
You closely miss the giant cockroach. You grab the giant cockroach.
The giant cockroach is severely wounded.
You constrict the giant cockroach.
You kill the giant cockroach!
You see here a giant cockroach corpse.
An adder comes into view.
The helpless adder fails to defend itself.
You slash the adder! Your grab misses the adder. Your squeeze misses the adder.
The adder is severely wounded.
The adder closely misses you. The adder bites you.
You hit the adder.
You kill the adder!
Edmund hits you with a +1 flail of holy wrath.
You hit Edmund but do no damage. Your grab misses Edmund.
Edmund closely misses you.
You hit Edmund but do no damage. You grab Edmund. You constrict Edmund.
Edmund hits you with a +1 flail of holy wrath!
You hit Edmund.
You tentacle-slap Edmund, but do no damage.
Edmund is lightly wounded.
You constrict Edmund, but do no damage. Edmund misses you.
You hit Edmund but do no damage.
Edmund is lightly wounded.
You constrict Edmund.
Edmund hits you with a +1 flail of holy wrath!
You hit Edmund but do no damage.
Edmund is lightly wounded.
You constrict Edmund.
Edmund hits you with a +1 flail of holy wrath.
* * * LOW HITPOINT WARNING * * *
Edmund hits you with a +1 flail of holy wrath!
You die...

##.####.....# ##.......### #..#
##.....# ##..#[.~#...### #(.#
#...... #...~~~~~......
...####...... #.#~~~~~~~#....
....##........# ##..~~~~~~~.....
..........##..# #...~~~∩~~~..<..
.........###...###..†~~~~~~~....#
........##......#...#~~~~~~~#...#
##..............@@.w..~~~~~.....#
###.............#....#..~#......
###.........####............##
#.......## #...........##.
#......## #..........###..
##......# ...........#_..#
##..#...## ..........###..
###..####..# #.......##.##.
#...## #... ##......##..##


You could see Edmund and a worm.

Vanquished Creatures
  A scorpion (D:4)
  A sleepcap (D:4)
  3 adders
  An ufetubus (D:5)
  A worm (D:4)
  A dart slug (D:4)
  A ball python (D:4)
  An endoplasm (D:4)
  A giant cockroach (D:4)
  3 hobgoblins (D:4)
14 creatures vanquished.

Notes
Turn   | Place    | Note
-------+----------+-------------------------------------------
     0 | D:5      | Esekla the Octopode Delver began the quest for the Orb.
     0 | D:5      | Reached XP level 1. HP: 16/16 MP: 1/1
    45 | D:5      | Reached XP level 2. HP: 21/21 MP: 2/2
    54 | D:5      | Found Rumat's Magic Scroll Emporium.
    55 | D:5      | Noticed a centaur
    63 | D:5      | Reached skill level 7 in Stealth
   236 | D:4      | Reached XP level 3. HP: 26/26 MP: 3/3
   243 | D:4      | Learned a level 3 spell: Ozocubu's Armour
   404 | D:4      | Noticed Grinder
   442 | D:4      | Found a glowing drain.
   464 | D:4      | Found a faded altar of an unknown god.
   464 | D:4      | Found an ancient bone altar of Kikubaaqudgha.
   474 | D:4      | Found a faded altar of an unknown god.
   479 | D:4      | Found a shimmering blue altar of Sif Muna.
   480 | D:4      | Found a blossoming altar of Fedhas.
   571 | D:4      | Reached XP level 4. HP: 31/31 MP: 3/5
   663 | D:4      | Found a staircase to the Ecumenical Temple.
   672 | Temple   | Entered the Ecumenical Temple
   736 | D:4      | Noticed a scorpion
   747 | D:4      | Killed a scorpion
   748 | D:4      | Reached skill level 1 in Spellcasting
   748 | D:4      | Reached skill level 1 in Ice Magic
   748 | D:4      | Reached XP level 5. HP: 28/36 MP: 6/6
   798 | D:4      | Noticed a phantom
   841 | D:4      | Noticed Edmund
   868 | D:4      | Slain by Edmund

Illustrated notes

Levels and vault maps discovered:
D:4:      layout_layer_cave, chequers_temple_overflow_minitemple, temple_pool_b,
          cheibrodos_sewer_entry_drain, uniq_edmund, uniq_grinder
D:5:      layout_gridville, serial_shops, shop, minivault_4, uniq_blork_the_orc
Temple:   corrupted_temple

Skill      XL: |  1  2  3  4 |
---------------+-------------+-----
Stealth        | 7 |  7.6
Spellcasting   | 1 |  1.1
Ice Magic      | 1 |  1.1
Fighting       | |  3.5
Long Blades    | |  2.8
Dodging        | |  2.4

Action                     |  1- 3 |  4- 6 || total
---------------------------+-------+-------++-------
  Melee: Falchion          |    23 |    17 ||    40
         Tentacles         |     6 |     4 ||    10
         Constrict         |     5 |     5 ||    10
         Punch             |       |     2 ||     2
    Use: Scroll            |     1 |       ||     1
   Stab: Sleeping          |     3 |     5 ||     8
 Armour: Skin              |     1 |       ||     1
  Dodge: Dodged            |    18 |     9 ||    27

Table legend: (Time is in decaauts)
 A = Elapsed time spent in this place.
 B = Non-inter-level travel time spent in this place.
 C = Inter-level travel time spent in this place.
 D = Time resting spent in this place.
 E = Time spent auto-exploring this place.
 F = Levels seen in this place.
 G = Mean time per level.
                   A        B        C        D        E       F      G
               +--------+--------+--------+--------+--------+-----+--------+
         Total |    875 |    865 |     10 |     48 |     36 |   3 |  291.7 |
       Dungeon |    852 |    852 |      0 |     48 |     36 |   2 |  426.0 |
        Temple |     22 |     12 |     10 |      0 |      0 |   1 |   22.0 |
               +--------+--------+--------+--------+--------+-----+--------+

Top non-repeatable levels by time:
     D:4: 705 daAuts
     D:5: 146 daAuts
  Temple: 22 daAuts
